 Dungeon Crawl Stone Soup version 0.30.0-29-ga12c61a403 (webtiles) character file.

Game seed: 10268124385109141151

219 KamiKatze the Shield-Bearer (level 5, 0/28 HPs)
             Began as a Vine Stalker Fighter on June 4, 2023.
             Slain by an iguana (6 damage)
             ... on level 4 of the Dungeon.
             The game lasted 00:12:05 (2342 turns).

KamiKatze the Shield-Bearer (Vine Stalker Fighter)  Turns: 2342, Time: 00:12:06

Health: 0/28       AC:  7    Str: 20    XL:     5   Next: 96%
Magic:  0/6        EV: 10    Int:  8    God:
Gold:   189        SH:  5    Dex: 14    Spells: 4/4 levels left

rFire   . . .        a - +0 war axe
rCold   . . .        c - +0 buckler
rNeg    . . .        b - +0 scale mail
rPois   .            (no helmet)
rElec   .            (no cloak)
rCorr   .            m - +0 pair of gloves
SInv    .            (no boots)
Will    .....        (no amulet) Stlth
                     (no ring)
HPRegen 1.04/turn    (no ring)
MPRegen 0.10/turn

%: guardian spirit
@: no status effects
A: fangs 2, regeneration 1, magic shield, antimagic bite, no potion heal 2
a: no special abilities


You were on level 4 of the Dungeon.
You visited 1 branch of the dungeon, and saw 4 of its levels.

You collected 189 gold pieces.

Inventory:

Hand Weapons
 a - a +0 war axe (weapon)
 j - a +0 war axe
 q - a +2 short sword of electrocution
 v - a +0 flail
Armour
 b - a +0 scale mail (worn)
 c - a +0 buckler (worn)
 k - a +0 chain mail
 m - a +0 pair of gloves (worn)
Scrolls
 e - 2 scrolls of poison {unknown}
 l - a scroll of brand weapon {unknown}
 o - 2 scrolls of identify {unknown}
 p - a scroll of teleportation {unknown}
 t - a scroll of amnesia {unknown}
 u - a scroll of noise {unknown}
Potions
 d - 4 potions of might
 f - 2 potions of haste {unknown}
 g - 2 potions of curing {unknown}
 h - 2 potions of mutation {unknown}
 i - a potion of brilliance {unknown}
 n - a potion of heal wounds {unknown}
 r - a potion of cancellation {unknown}
 s - a potion of attraction {unknown}


   Skills:
 + Level 3.6 Fighting
 + Level 3.0 Axes
 - Level 2.4 Armour
 + Level 1.9 Dodging
 - Level 4.0 Shields


You had 4 spell levels left.
You didn't know any spells.
Your spell library contained the following spells:

 Spells                   Type           Power      Damage    Failure   Level
 Kiss of Death            Conj/Necr      0%         2d5       83%         1
 Confusing Touch          Hex            0%         N/A       99%         3
 Dispel Undead            Necr           0%         3d6       100%        4


Dungeon Overview and Level Annotations

Branches:
Dungeon (4/15)
 Temple: D:4-7

Altars:
Qazlal
Ru


Innate Abilities, Weirdness & Mutations

You have extremely sharp teeth.
Your natural rate of healing is unusually fast.
When hurt, damage is shared between your health and your magic reserves.
Your bite disrupts and absorbs the magic of your enemies.
Potions cannot restore your health.


Message History

The kobold hits you but does no damage.
An iguana comes into view.
The iguana hisses angrily.
You hit the kobold.
You kill the kobold!
Things that are here:
a +0 dagger; a kobold corpse
Found a pair of gloves.
The iguana barely misses you.
You hit the iguana.
The iguana is lightly wounded.
You block the iguana's attack.
You slash the iguana! You bite the iguana, but do no damage.
The iguana is heavily wounded.
The iguana bites you! You block the iguana's attack.
You completely miss the iguana.
The iguana is heavily wounded.
The iguana bites you.
You are too injured to fight recklessly!
You are too injured to fight recklessly!
You hit the iguana.
The iguana is almost dead.
The iguana bites you!
* * * LOW HITPOINT WARNING * * *
You closely miss the iguana.
The iguana is almost dead.
The iguana bites you!
* * * LOW HITPOINT WARNING * * *
The iguana completely misses you. The iguana attacks as you move away!
The iguana barely misses you.
Things that are here:
a +0 dagger; a kobold corpse The iguana attacks as you move away!
The iguana bites you.
* * * LOW HITPOINT WARNING * * *
The iguana attacks as you move away! The iguana bites you.
* * * LOW HITPOINT WARNING * * *
The iguana attacks as you move away! The iguana closely misses you.
The iguana attacks as you move away! The iguana bites you!
* * * LOW HITPOINT WARNING * * *
The iguana attacks as you move away! The iguana bites you!
You die...

#.##.##..#
#.##.##..#
#######.##.##..####
...........##.....#
.######.#..##...#.#
#.#.........#
##.#..####.#.#
###....l..##.#.#
.......@..##.#.#
.##.......#....#
#............#
#.##.......#....#
........<...<.#.#
...........####.#
###.###.#######.#
#. #.........#
#.#######.#


You could see an iguana.

Vanquished Creatures
  An orc priest (D:3)
  2 orc wizards (D:3)
  3 adders
  3 gnolls (D:3)
  2 worms (D:3)
  2 dart slugs
  7 orcs (D:3)
  13 ball pythons
  An endoplasm (D:1)
  5 giant cockroaches
  4 goblins
  7 hobgoblins
  4 jackals (D:3)
  4 kobolds
  2 quokkas
  4 bats
  2 frilled lizards
  3 rats (D:3)
69 creatures vanquished.

Notes
Turn   | Place    | Note
-------+----------+-------------------------------------------
     0 | D:1      | KamiKatze the Vine Stalker Fighter began the quest for the
                  | Orb.
     0 | D:1      | Reached XP level 1. HP: 11/11 MP: 2/2
   140 | D:1      | Reached XP level 2. HP: 15/16 MP: 3/3
   275 | D:1      | Reached skill level 3 in Shields
   484 | D:1      | Found a faded altar of an unknown god.
   531 | D:1      | Reached XP level 3. HP: 19/19 MP: 4/4
  1097 | D:2      | Reached skill level 1 in Dodging
  1397 | D:3      | Gained mutation: Your natural rate of healing is unusually
                  | fast. [Vine Stalker growth]
  1397 | D:3      | Reached XP level 4. HP: 24/24 MP: 5/5
  1533 | D:3      | Reached XP level 5. HP: 28/28 MP: 6/6
  1692 | D:3      | Reached skill level 4 in Shields
  1766 | D:3      | Found a sacrificial altar of Ru.
  2036 | D:3      | Found a stormy altar of Qazlal.
  2342 | D:4      | Slain by an iguana

Illustrated notes

Levels and vault maps discovered:
D:1:      matt_arrival_diagonals, layout_basic,
          nicolae_ecumenical_snake_handling
D:2:      layout_loops_ring
D:3:      layout_basic, mainiacjoe_overflow_brackets, hangedman_ru_absence,
          minmay_pentomino_pile
D:4:      layout_loops_ring, lemuel_mausoleum_altar_kikubaaqudgha

Skill      XL: |  1  2  3  4  5 |
---------------+----------------+-----
Axes           | 2 3 |  3.0
Shields        | 3 4 |  4.0
Fighting       | 3 |  3.6
Dodging        | 1 |  1.9
Armour         | |  2.4

Action                     |  1- 3 |  4- 6 || total
---------------------------+-------+-------++-------
  Melee: War axe           |    73 |   101 ||   174
         Bite              |    13 |    23 ||    36
 Armour: Scale mail        |    32 |    48 ||    80
  Dodge: Dodged            |    39 |    60 ||    99
  Block: Buckler           |    22 |    29 ||    51
